 Dungeon Crawl Stone Soup version 0.28-a0-1594-ga885d4b3d6 (webtiles) character file.

Game seed: 16398293312683065091

25970 gruber the Frost Mage (level 12, -3/88 HPs)
             Began as a Demonspawn Ice Elementalist on Jan 20, 2022.
             Was an Elder of Vehumet.
             Hit by a large rock thrown by a cyclops (41 damage)
             ... on level 12 of the Dungeon.
             The game lasted 00:33:31 (20480 turns).

gruber the Frost Mage (DsIE)                       Turns: 20480, Time: 00:33:32

Health: -3/88      AC:  9    Str: 11    XL:     12   Next: 94%
Magic:  24/31      EV: 15    Int: 20    God:    Vehumet [****..]
Gold:   871        SH:  0    Dex: 19    Spells: 4/25 levels left

rFire   + . .      SeeInvis .   E - +5 scimitar (freeze)
rCold   + . .      Faith    .   (no shield)
rNeg    . . .      Spirit   .   k - +2 robe {Will+}
rPois   .          Reflect  .   (helmet restricted)
rElec   .          Harm     .   V - scarf {rC+ rF+}
rCorr   .          Rampage  .   (no gloves)
Will    +....                   H - +1 pair of boots {Fly}
Stlth   ++++......              (no amulet)
HPRegen 0.24/turn               j - +6 ring of dexterity
MPRegen 0.22/turn               L - ring of magical power

@: freezing walls, flying
A: antennae 2, icy blue scales 2, ignite blood 1, demonic magic 1
a: Renounce Religion


You were on level 12 of the Dungeon.
You worshipped Vehumet.
Vehumet was greatly pleased with you.
You visited 2 branches of the dungeon, and saw 15 of its levels.
You also visited: Sewer, Ossuary and Bailey.

You collected 871 gold pieces.

Inventory:

Hand Weapons
 y - a +1 whip of electrocution
 D - a +4 dagger of freezing
 E - a +5 scimitar of freezing (weapon)
 G - a +2 rapier of electrocution
Missiles
 q - 5 curare-tipped darts
 r - 33 poisoned darts
 U - 2 throwing nets
Armour
 k - a +2 robe of willpower (worn)
 H - a +1 pair of boots of flying (worn)
 V - a scarf of resistance (worn)
Magical Staves
 R - a staff of conjuration
Jewellery
 e - a ring of fire
 j - a +6 ring of dexterity (left hand)
 L - a ring of magical power (right hand)
 P - a ring of flight
Wands
 a - a wand of acid (5)
 u - a wand of flame (30)
 v - a wand of iceblast (14)
 x - a wand of polymorph (8)
 W - a wand of mindburst (8)
Scrolls
 b - 12 scrolls of identify {unknown}
 h - 5 scrolls of teleportation {unknown}
 l - a scroll of fear {unknown}
 m - 2 scrolls of summoning {unknown}
 n - 3 scrolls of brand weapon {unknown}
 p - 5 scrolls of enchant weapon {unknown}
 s - 4 scrolls of blinking {unknown}
 t - 4 scrolls of magic mapping {unknown}
 B - 4 scrolls of amnesia {unknown}
 C - 3 scrolls of vulnerability {unknown}
 F - a scroll of holy word {unknown}
 I - 3 scrolls of enchant armour {unknown}
 K - 4 scrolls of immolation {unknown}
 M - a scroll of silence {unknown}
 Q - a scroll of noise {unknown}
 T - a scroll of acquirement {unknown}
Potions
 c - 10 potions of curing
 d - 2 potions of cancellation {unknown}
 f - 6 potions of brilliance {unknown}
 g - 3 potions of degeneration {unknown}
 i - 4 potions of heal wounds {unknown}
 o - a potion of ambrosia {unknown}
 w - 5 potions of flight
 z - 3 potions of might {unknown}
 A - a potion of invisibility {unknown}
 J - a potion of haste {unknown}
 N - 2 potions of berserk rage {unknown}
 O - 3 potions of mutation {unknown}
 S - 4 potions of attraction {unknown}


   Skills:
 - Level 6.1 Fighting
 - Level 7.3 Long Blades
 - Level 0.1 Polearms
 - Level 5.1 Dodging
 - Level 8.0 Stealth
 - Level 7.3 Spellcasting
 * Level 9.3 Conjurations
 - Level 12.2 Ice Magic


You had 4 spell levels left.
You knew the following spells:

 Your Spells              Type           Power      Damage    Failure   Level
a - Freeze                Ice            100%       1d11      1%          1
b - Frozen Ramparts       Ice            100%       1d12      1%          3
c - Ozocubu's Armour      Ice            54%        N/A       1%          3
d - Blink                 Tloc           14%        N/A       14%         2
e - Hailstorm             Conj/Ice       50%        3d11      1%          4
f - Mephitic Cloud        Conj/Pois/Air  19%        N/A       2%          3
g - Freezing Cloud        Conj/Ice/Air   18%        6-21      3%          5

Your spell library contained the following spells:

 Spells                   Type           Power      Damage    Failure   Level
 Dazzling Flash           Conj/Hex       52%        N/A       1%          3
 Static Discharge         Conj/Air       26%        N/A       1%          2
 Conjure Flame            Conj/Fire      26%        6-21      1%          3
 Fulminant Prism          Conj/Hex       13%        3d9       3%          4
 Iskenderun's Mystic Bla  Conj/Tloc      26%        2d7       3%          4
 Sticky Flame             Conj/Fire      26%        2d5       3%          4
 Ignite Poison            Fire/Tmut/Pois 7%         N/A       8%          3
 Beastly Appendage        Tmut           14%        N/A       10%         1
 Sublimation of Blood     Necr           7%         N/A       14%         2
 Wereblood                Tmut           7%         N/A       14%         2
 Airstrike                Air            3%         N/A       24%         4
 Gell's Gravitas          Tloc           7%         N/A       26%         3
 Lesser Beckoning         Tloc           7%         N/A       26%         3
 Teleport Other           Tloc           7%         N/A       26%         3
 Spider Form              Tmut/Pois      7%         N/A       28%         3
 Swiftness                Air            7%         N/A       28%         3
 Iskenderun's Battlesphe  Conj           44%        2d10      1%          5
 Lightning Bolt           Conj/Air       13%        1d26      11%         5
 Iron Shot                Conj/Erth      13%        9d3       45%         6
 Lee's Rapid Deconstruct  Erth           3%         3d6*      52%         5
 Spellforged Servitor     Conj/Summ      13%        N/A       93%         7
 Manifold Assault         Tloc           7%         N/A       94%         5
 Summon Hydra             Summ           3%         N/A       100%        7
 Borgnjor's Revivificati  Necr           3%         N/A       100%        8
 Maxwell's Capacitive Co  Air            3%         ∞         100%        8
 Necromutation            Tmut/Necr      3%         N/A       100%        8
 Death's Door             Necr           3%         N/A       100%        9


Dungeon Overview and Level Annotations

Branches:
Dungeon (14/15)            Temple (1/1) D:4            Lair (0/6) D:9
    Orc (0/2) D:9           Sewer (visited)         Ossuary (visited)
 Bailey (visited)
 Vaults: D:13-14

Altars:
Ashenzari
Cheibriados
Elyvilon
Kikubaaqudgha
Nemelex Xobeh
Okawaru
Qazlal
Ru
Sif Muna
Trog
Uskayaw
Vehumet
Yredelemnul
Zin

Shops:
D:2 =   D:4 *

Annotations:
D:11 exclusions: ice statue and orange crystal statue


Innate Abilities, Weirdness & Mutations

You have a pair of antennae on your head.
You are mostly covered in icy blue scales. (AC +3)
Your demonic aura sometimes causes spilled blood to erupt in flames.
Spells you cast may paralyse adjacent enemies.


Message History

The arrow barely misses you.
The centaur shoots an arrow.
The arrow hits you.
Found 18 sling bullets.
The cyclops shouts!
The centaur shoots an arrow.
The arrow hits you!
The centaur unwields a +0 shortbow.
The centaur hits you but does no damage.
The centaur closely misses you.
Unknown command.
The centaur misses you.
The centaur kicks you but does no damage.
The cyclops throws a large rock.
The large rock hits you!! The centaur hits you. The centaur barely misses you.
The centaur hits you but does no damage.
The centaur kicks you but does no damage.
Casting: Hailstorm (safe; 1% risk of failure)
Confirm with . or Enter, or press ? or * to list all spells.
Casting: Frozen Ramparts (safe; 1% risk of failure)
Press: ? - help, Dir - look around, f - activate The walls around you are covered in ice.
Malevolent energies surge around you.
The centaur suddenly stops moving!
Unknown command.
Unknown command.
You are too injured to fight recklessly!
You are too injured to fight recklessly!
Unknown command.
The helpless centaur fails to defend itself.
You slash the centaur! You freeze the centaur.
The centaur is heavily wounded.
Unknown command.
Unknown command.
Casting: Frozen Ramparts (safe; 1% risk of failure)
Confirm with . or Enter, or press ? or * to list all spells.
Casting: Hailstorm (safe; 1% risk of failure)
Press: ? - help, Dir - look around, f - activate A cannonade of hail descends around you!
The hail pelts the cyclops.
The cyclops is lightly wounded.
Malevolent energies surge around you.
The cyclops throws a large rock.
The large rock hits you!!!
You die...

.#..... ....... ...
.....# ........
...##....###.
.#....... ...........
.#........ #.#....?#
.........$##.......#
...................##
...#..........Cc..(.#
.#....#.........@#
.)^..###.......#.#
....## +#.?....#.# ..
...## ##...!...##.##
>.## ##.............
.## ##..............
## ##............#...
# ##.<...........##..
##......#...........


You could see a cyclops and a centaur (paralysed).

Vanquished Creatures
  2 boulder beetles
  Erolcha (D:9)
  5 two-headed ogres
  A centaur warrior (D:14)
  A tengu warrior (D:14)
  3 death yaks (D:9)
  Nergalle (D:11)
  A shadow wraith (D:10)
  Pikel (D:5)
  An orc knight (Bailey)
  A manticore (D:14)
  2 cyclopes (D:12)
  Joseph (D:8)
  3 unseen horrors
  A komodo dragon (D:10)
  2 kobold demonologists
  A tengu conjurer (D:14)
  5 trolls (D:10)
  5 slime creatures (D:12)
  A wyvern (D:9)
  2 shadows
  A vampire (D:12)
  10 yaks (D:10)
  2 steam dragons (D:10)
  7 vampire mosquitoes
  Menkaure (D:5)
  2 water moccasins
  2 acid dragons
  Duvessa (D:7)
  A hornet zombie (D:7)
  12 orc warriors
  2 black bears (D:6)
  2 necrophages
  7 centaurs
  A phantom (D:6)
  2 gnoll sergeants (D:10)
  8 kobold brigands
  10 scorpions (Ossuary)
  A wyvern skeleton (D:5)
  Dowan (D:7)
  10 killer bees
  5 howler monkeys
  17 wights
  11 centaur zombies
  5 hounds
  2 human zombies (Ossuary)
  4 orc priests
  A jelly (D:4)
  A bullfrog skeleton (D:6)
  Natasha (thrice) (D:2)
  Ijyb (D:4)
  8 orc wizards
  5 scorpion zombies (Ossuary)
  3 iguanas
  A hell rat (D:9)
  3 mummies (Ossuary)
  2 howler monkey zombies
  8 gnolls
  2 river rats (Sewer)
  8 adders
  3 shadow imps
  2 adder skeletons (D:4)
  4 worms
  7 dart slugs
  24 orcs
  9 ball pythons
  12 endoplasms
  3 gnoll zombies (Ossuary)
  11 goblins
  7 hobgoblins
  3 quokkas
  7 bats
  2 frilled lizards (D:2)
  2 goblin zombies (Ossuary)
  A hobgoblin zombie (Ossuary)
  24 kobolds
  2 kobold zombies (Ossuary)
  An orc zombie (Ossuary)
  7 rats
345 creatures vanquished.

Notes
Turn   | Place    | Note
-------+----------+-------------------------------------------
     0 | D:1      | gruber the Demonspawn Ice Elementalist began the quest for
                  | the Orb.
     0 | D:1      | Reached XP level 1. HP: 13/13 MP: 3/3
   142 | D:1      | Reached skill level 4 in Ice Magic
   465 | D:1      | Gained mutation: You have a pair of small antennae on your
                  | head. [demonic ancestry]
   465 | D:1      | Reached XP level 2. HP: 14/19 MP: 1/5
  1059 | D:2      | Found Estry's Jewellery Boutique.
  1147 | D:1      | Reached XP level 3. HP: 18/24 MP: 1/6
  1226 | D:1      | Learned a level 3 spell: Frozen Ramparts
  1809 | D:2      | Noticed Natasha
  1819 | D:2      | Killed Natasha
  1820 | D:2      | Reached XP level 4. HP: 6/30 MP: 2/8
  1884 | D:2      | Noticed Natasha
  2067 | D:2      | Killed Natasha
  2253 | D:2      | Found a shimmering blue altar of Sif Muna.
  2600 | D:2      | Noticed Natasha
  2609 | D:2      | Killed Natasha
  2610 | D:2      | Reached skill level 5 in Ice Magic
  2867 | D:3      | Gained mutation: You are partially covered in icy blue
                  | scales. (AC +2) [demonic ancestry]
  2867 | D:3      | Reached XP level 5. HP: 28/35 MP: 6/10
  3328 | D:3      | Found a glowing drain.
  3340 | Sewer    | Entered a sewer
  3772 | Sewer    | Reached XP level 6. HP: 41/41 MP: 7/12
  3834 | Sewer    | Reached skill level 6 in Ice Magic
  4302 | Sewer    | Reached skill level 7 in Ice Magic
  4302 | Sewer    | Gained mutation: You are mostly covered in icy blue scales.
                  | (AC +3) [demonic ancestry]
  4302 | Sewer    | Reached XP level 7. HP: 29/46 MP: 6/13
  5292 | D:4      | Noticed Ijyb
  5399 | D:4      | Found a staircase to the Ecumenical Temple.
  5426 | Temple   | Entered the Ecumenical Temple
  5454 | Temple   | Became a worshipper of Vehumet
  5671 | D:4      | Found a shimmering blue altar of Sif Muna.
  5778 | D:4      | Killed Ijyb
  5916 | D:4      | Found Osoaweq's Assorted Antiques.
  6010 | D:3      | Learned a level 3 spell: Ozocubu's Armour
  6013 | D:3      | Learned a level 2 spell: Blink
  6018 | D:3      | Learned a level 4 spell: Hailstorm
  6277 | D:4      | Reached skill level 8 in Ice Magic
  6397 | D:4      | Reached skill level 1 in Conjurations
  7039 | D:5      | Entered Level 5 of the Dungeon
  7460 | D:5      | Noticed Menkaure
  7476 | D:5      | Killed Menkaure
  7477 | D:5      | Reached XP level 8. HP: 52/52 MP: 2/14
  7911 | D:5      | Noticed Pikel
  7926 | D:5      | Killed Pikel
  7939 | D:5      | Reached * piety under Vehumet
  7939 | D:5      | Offered knowledge of Shock by Vehumet.
  8366 | D:5      | Identified the +0 short sword "Pesy" {speed, rCorr Str+2
                  | Dex+4}
  8920 | D:6      | Reached skill level 5 in Spellcasting
  8920 | D:6      | Gained mutation: You have a pair of antennae on your head.
                  | [demonic ancestry]
  8920 | D:6      | Reached XP level 9. HP: 57/57 MP: 9/16
 10264 | D:7      | Found a flagged portal.
 10274 | Bailey   | Entered a bailey
 10319 | Bailey   | Reached skill level 9 in Ice Magic
 10638 | Bailey   | Noticed an orc knight
 10643 | Bailey   | Killed an orc knight
 10644 | Bailey   | Reached skill level 10 in Ice Magic
 11043 | Bailey   | Got Sif Muna's Tome of Weightlessness
 11216 | D:7      | Noticed Duvessa
 11221 | D:7      | Noticed Dowan
 11235 | D:7      | Offered knowledge of Sandblast by Vehumet.
 11238 | D:7      | Killed Dowan
 11239 | D:7      | Killed Duvessa
 11385 | D:7      | Reached ** piety under Vehumet
 11549 | D:7      | Gained mutation: Spells you cast may paralyse adjacent
                  | enemies. [demonic ancestry]
 11549 | D:7      | Reached XP level 10. HP: 21/63 MP: 13/19
 12176 | D:8      | Found a sand-covered staircase.
 12183 | Ossuary  | Entered an ossuary
 12222 | Ossuary  | Reached skill level 11 in Ice Magic
 12902 | Ossuary  | Offered knowledge of Inner Flame by Vehumet.
 13296 | D:8      | Noticed Joseph
 13311 | D:8      | Killed Joseph
 13312 | D:8      | Reached skill level 12 in Ice Magic
 13414 | D:8      | Reached *** piety under Vehumet
 14505 | D:9      | Noticed a death yak
 14811 | D:9      | Found a staircase to the Orcish Mines.
 14854 | D:9      | Found a broken altar of Ashenzari.
 14854 | D:9      | Noticed a two-headed ogre
 14861 | D:9      | Killed a two-headed ogre
 14862 | D:9      | Reached skill level 5 in Long Blades
 14879 | D:9      | Reached XP level 11. HP: 46/68 MP: 20/20
 14908 | D:9      | Offered knowledge of Mephitic Cloud by Vehumet.
 14913 | D:9      | Learned a level 3 spell: Mephitic Cloud
 15083 | D:9      | Noticed a death yak
 15103 | D:9      | Killed a death yak
 15234 | D:9      | Found a staircase to the Lair.
 15290 | D:9      | Noticed a boulder beetle
 15301 | D:9      | Killed a boulder beetle
 15462 | D:9      | Noticed a two-headed ogre
 15475 | D:9      | Killed a two-headed ogre
 15595 | D:9      | Noticed Erolcha
 15631 | D:9      | Killed Erolcha
 15765 | D:9      | Noticed a death yak
 15789 | D:9      | Killed a death yak
 16130 | D:9      | Killed a death yak
 16235 | D:10     | Entered Level 10 of the Dungeon
 16235 | D:10     | Noticed a two-headed ogre
 16242 | D:10     | Killed a two-headed ogre
 16500 | D:10     | Found a basalt altar of Yredelemnul.
 17025 | D:10     | Reached skill level 5 in Dodging
 17108 | D:10     | Learned a level 5 spell: Freezing Cloud
 17145 | D:10     | Reached **** piety under Vehumet
 17146 | D:10     | Reached skill level 1 in Fighting
 17166 | D:10     | Offered knowledge of Dazzling Flash by Vehumet.
 17202 | D:10     | Gained mutation: Your demonic aura sometimes causes spilled
                  | blood to erupt in flames. [demonic ancestry]
 17202 | D:10     | Reached XP level 12. HP: 58/81 MP: 18/21
 17254 | D:10     | Noticed a two-headed ogre
 17263 | D:10     | Killed a two-headed ogre
 17844 | D:10     | Reached skill level 5 in Fighting
 19071 | D:11     | Noticed a two-headed ogre
 19079 | D:11     | Killed a two-headed ogre
 19134 | D:11     | Found a stormy altar of Qazlal.
 19158 | D:11     | Noticed Nergalle
 19171 | D:11     | Killed Nergalle
 19282 | D:11     | You are sucked into a shaft and drop 3 floors!
 19305 | D:14     | Noticed a tengu warrior
 19313 | D:14     | Killed a tengu warrior
 19319 | D:14     | Reached skill level 5 in Stealth
 19473 | D:14     | Noticed a centaur warrior
 19484 | D:14     | Killed a centaur warrior
 19822 | D:12     | Noticed a boulder beetle
 19846 | D:12     | Killed a boulder beetle
 20480 | D:12     | Hit by a large rock thrown by a cyclops

Illustrated notes

Levels and vault maps discovered:
D:1:      minmay_arrival_loop, layout_rooms, nicolae_figureground_pulse
D:2:      layout_basic, serial_shops, shop, basic_altar, uniq_natasha
D:3:      layout_loops_cross, portal_sewer_entry_d,
          amcnicky_mini_corridor_feature
D:4:      layout_cave_pods, mainiacjoe_overflow_cross_hatched,
          minmay_temple_entry_glassed_door, serial_shops,
          nicolae_shop_behind_doors, minmay_misc_feat_rugged, uniq_ijyb
D:5:      layout_layer_cave, uniq_menkaure, uniq_pikel
D:6:      layout_gridville
D:7:      layout_basic, enter_bailey_2, uniq_duvessa
D:8:      nicolae_cairo_tiling_large, layout_gridville,
          nicolae_ossuary_entry_monument, minmay_misc_feat_square,
          nicolae_figureground_sparkle, uniq_joseph
D:9:      layout_irregular_city, mainiacjoe_overflow_small_starburst,
          dpeg_lair_monsters, david_orc_4, uniq_erolcha
D:10:     nzn_winding_woodlands_three_and_one
          [nzn_winding_woodlands_5x15_pockets,
          nzn_winding_woodlands_5x15_crooked,
          nzn_winding_woodlands_5x15_sidewinder,
          nzn_winding_woodlands_center_pierced_h], layout_basic,
          kennysheep_ying_yang
D:11:     minmay_separated_statues, layout_loops_ring,
          nicolae_qazlal_scattered_showers, uniq_nergalle
D:12:     layout_cave_pools, nicolae_trove_entry_diagonal, feat_on_display
D:13:     layout_roguey [special_room_orc], erik_vaults_2, special_room
          [special_room_orc], uniq_maurice
D:14:     layout_roguey, serial_park_avenue1, st_stairs_9
Temple:   regret_index_temple_mists

Skill      XL: |  1  2  3  4  5  6  7  8  9 10 11 12 |
---------------+-------------------------------------+-----
Ice Magic      | 4 5 7 8 10 12 | 12.2
Spellcasting   | 3 4 5 6 7 |  7.3
Conjurations   | 3 7 9 |  9.3
Long Blades    | 5 7 |  7.3
Dodging        | 5 |  5.1
Fighting       | 3 6 |  6.1
Stealth        | 8 |  8.0
Polearms       | |  0.1

Action                   |  1- 3 |  4- 6 |  7- 9 | 10-12 || total
-------------------------+-------+-------+-------+-------++-------
Melee: Unarmed           |    16 |       |       |       ||    16
       Short sword       |    22 |    10 |       |       ||    32
       Whip              |       |     9 |    88 |       ||    97
       Rapier            |       |     5 |       |       ||     5
       Punch             |       |       |     1 |     4 ||     5
       Scimitar          |       |       |     8 |   240 ||   248
Throw: Dart              |       |       |       |     9 ||     9
 Cast: Freeze            |    40 |    35 |    94 |   198 ||   367
       Frozen Ramparts   |     1 |    16 |    33 |    76 ||   126
       Hailstorm         |       |       |    34 |    63 ||    97
       Blink             |       |       |     3 |     1 ||     4
       Ozocubu's Armour  |       |       |    15 |    27 ||    42
       Mephitic Cloud    |       |       |       |     2 ||     2
Evoke: Wand              |       |       |    15 |       ||    15
 Stab: Sleeping          |     1 |       |     1 |     7 ||     9
       Paralysed         |       |       |       |    69 ||    69
       Distracted        |       |       |       |     1 ||     1
Armor: Robe              |    15 |    13 |    93 |   157 ||   278
Dodge: Dodged            |    42 |    45 |   120 |   230 ||   437

Table legend: (Time is in decaauts)
 A = Elapsed time spent in this place.
 B = Non-inter-level travel time spent in this place.
 C = Inter-level travel time spent in this place.
 D = Time resting spent in this place.
 E = Time spent auto-exploring this place.
 F = Levels seen in this place.
 G = Mean time per level.
                   A        B        C        D        E       F      G
               +--------+--------+--------+--------+--------+-----+--------+
         Total |  20758 |  20249 |    509 |    801 |  16075 |  18 | 1153.2 |
       Dungeon |  17188 |  16704 |    484 |    584 |  13530 |  14 | 1227.7 |
        Temple |     63 |     38 |     25 |      0 |     22 |   1 |   63.0 |
         Sewer |   1676 |   1676 |      0 |      9 |   1435 |   1 | 1676.0 |
       Ossuary |    904 |    904 |      0 |      0 |    599 |   1 |  904.0 |
        Bailey |    926 |    926 |      0 |    208 |    488 |   1 |  926.0 |
               +--------+--------+--------+--------+--------+-----+--------+

Top non-repeatable levels by time:
    D:10: 2218 daAuts
     D:9: 1960 daAuts
     D:5: 1698 daAuts
   Sewer: 1676 daAuts
     D:1: 1669 daAuts
     D:4: 1511 daAuts
     D:7: 1485 daAuts
     D:8: 1381 daAuts
     D:2: 1177 daAuts
     D:3: 1142 daAuts
  Bailey: 926 daAuts
 Ossuary: 904 daAuts
     D:6: 896 daAuts
    D:11: 848 daAuts
    D:12: 706 daAuts
